Map: Odyssée EC

Players

Skar - Winner!

  • Race: Terran Terran
  • League: Silver
  • Spawn Location: 5:00

zidar

  • Race: Zerg Zerg
  • Spawn Location: 11:00

VOD

Have the link to the VOD?

Description

Time

  • Played on: July 24, 2017, 11:43 a.m.
  • Length: 12:04
Show
View Real Time Build Order
Export as new Build Order

Skar Terran - Winner!

Build Orders: Gas First Reaper Expand 

Get SALT Encoding   

  12  0:01  SCV  
  13  0:13  SCV  
  14  0:22  Supply Depot  
  14  0:26  SCV  
  15  0:32  Refinery  
  15  0:44  SCV  
  15  0:45  Barracks  
  16  0:56  SCV  
  17  1:08  SCV  
  18  1:20  SCV  
  19  1:32  Command Center  
  19  1:42  Supply Depot  
  19  1:47  Reaper  
  20  1:57  Orbital Command  
  20  2:15  Barracks  
  20  2:29  SCV  
  21  2:31  Barracks Tech Lab  
  21  2:38  Factory  
  21  2:41  SCV  
  22  2:53  Marine  
  23  3:04  Marine  
  24  3:11  Marine  
  25  3:20  Stimpack  
  25  3:22  Marine  
  25  3:24  Starport  
  26  3:29  Marine  
  27  3:38  Engineering Bay  
  27  3:39  Factory Reactor  
  27  3:42  Marine  
  27  3:47  Marine  
  29  3:49  SCV  
  30  3:57  Barracks  
  30  4:00  Marine  
  30  4:01  SCV  
  32  4:04  Marine  
  33  4:13  SCV  
  34  4:26  SCV, Bunker  
  35  4:33  Marine x2  
  35  4:36  Medivac  
  35  4:38  SCV  
  40  4:47  Refinery  
  40  4:49  SCV  
  40  4:50  SCV  
  40  4:51  Marine  
  43  4:52  Medivac  
  45  5:02  SCV  
  46  5:08  Marine  
  49  5:14  SCV  
  49  5:16  Widow Mine  
  37  5:32  Liberator  
  37  5:34  Marine x3  
  39  5:47  Hellion  
  44  5:51  Marine  
  44  5:52  Marine x2  
  42  6:06  SCV  
  42  6:09  Marine  
  42  6:10  Marine  
  42  6:18  SCV  
  42  6:20  Barracks Reactor  
  42  6:23  Factory Tech Lab  
  40  6:29  Barracks Reactor  
  40  6:30  SCV  
  40  6:31  Barracks Tech Lab  
  41  6:34  Starport Reactor  
  41  6:44  Barracks  
  41  6:55  SCV  
  41  7:00  Siege Tank  
  45  7:03  SCV  
  45  7:07  SCV  
  47  7:08  Missile Turret  
  47  7:12  Marine x5  
  47  7:15  SCV  
  51  7:29  Marine, Missile Turret  
  50  7:30  Marine x3  
  50  7:31  Refinery  
  50  7:33  Marine  
  47  7:53  Marine  
  47  7:55  Planetary Fortress  
  46  7:59  Marine x2  
  46  8:22  Supply Depot  
  46  8:23  Supply Depot  
  46  8:34  Liberator  
  46  8:42  Barracks Reactor  
  46  8:43  Combat Shield  
  46  8:44  Marine x5, Medivac  
  46  8:45  Supply Depot, Siege Tank  
  46  8:46  Supply Depot  
  59  9:01  Marine x3, Command Center  
  62  9:07  Marine x2  
  62  9:08  Supply Depot  
  64  9:19  Marine x3  
  67  9:24  Marine x2, SCV  
  67  9:27  Marine  
  67  9:28  Marine, Refinery  
  72  9:34  Barracks  
  72  9:36  SCV  
  72  9:37  Marine x3  
  76  9:42  Marine x2  
  76  9:44  Medivac x2  
  76  9:45  Marine  
  82  9:46  Marine  
  82  9:48  SCV  
  85  9:55  Marine  
  85  9:59  Marine x2  
  86  10:01  SCV  
  86  10:12  Armory, Marine x4  
  86  10:13  Marauder, SCV  
  93  10:14  Factory  
  93  10:16  Marine  
  93  10:17  Marine, Siege Tank  
  98  10:26  Barracks Reactor  
  98  10:30  Marine x4  
  98  10:34  Marine x2  
  104  10:47  Viking x2  
  104  10:49  Siege Tank  
  111  10:52  Marauder, SCV  
  114  11:04  SCV  
  115  11:13  Missile Turret  
  115  11:14  Marauder  
  117  11:23  Viking, SCV  
  101  11:33  Missile Turret  
  101  11:35  Marauder  
  101  11:36  SCV  
Show
View Real Time Build Order
Export as new Build Order

zidar Zerg 

Build Orders: Hatch First 

Get SALT Encoding   

  12  0:01  Drone  
  13  0:12  Overlord  
  13  0:16  Drone  
  14  0:31  Drone x2  
  16  0:38  Drone  
  17  0:57  Hatchery  
  17  1:00  Drone  
  17  1:03  Extractor, Drone  
  17  1:24  Spawning Pool, Drone  
  17  1:30  Drone  
  17  1:32  Drone  
  18  2:07  Drone  
  19  2:12  Queen x2  
  19  2:13  Metabolic Boost  
  23  2:17  Zergling x4  
  23  2:18  Zergling x2  
  26  2:28  Roach Warren  
  25  2:32  Extractor  
  25  2:33  Drone  
  25  3:26  Roach  
  27  3:28  Overlord x2  
  27  3:41  Drone  
  28  3:42  Overlord x2  
  28  3:48  Roach x4  
  36  3:55  Ravager  
  37  4:09  Ravager  
  38  4:12  Ravager x2  
  40  4:18  Drone  
  40  4:19  Drone x8  
  49  4:47  Queen  
  51  4:52  Overlord  
  51  4:53  Hatchery  
  39  6:00  Overlord  
  39  6:02  Roach x10  
  39  6:03  Roach x4  
  64  6:24  Drone x7  
  68  6:37  Drone  
  68  6:38  Drone x3  
  72  6:42  Lair  
  72  6:55  Ravager x2  
  69  7:19  Ravager  
  69  7:22  Overlord x2  
  68  7:25  Ravager  
  47  8:02  Overlord x18  
  44  8:32  Roach  
  44  8:33  Roach x7  
  60  8:48  Hatchery  
  59  8:59  Ravager x6  
  59  9:02  Roach x7  
  79  9:17  Extractor  
  79  9:19  Drone x9  
  79  9:20  Extractor  
  86  9:26  Ravager  
  87  10:12  Roach x14  
  115  10:36  Extractor  
  114  10:49  Extractor  
  113  10:52  Spire  
Tags
 
Add a new tag
Caveats
  • Supply blocks, unpowered buildings, or Contaminate may cause inaccurate times.
  • Supply counts are checked every 10 seconds.